 Dungeon Crawl Stone Soup version 0.21.1-1-g345015f (webtiles) character file.

1190 Fang the Chopper (level 8, -4/51 HPs)
             Began as a Gargoyle Berserker on May 23, 2018.
             Was a Priest of Trog.
             Slain by a wight
             ... wielding a +5 dire flail
              (6 damage)
             ... on level 6 of the Dungeon.
             The game lasted 00:06:19 (6376 turns).

Fang the Chopper (Gargoyle Berserker)               Turns: 6376, Time: 00:06:20

Health: -4/51      AC:  9    Str: 24    XL:     8   Next: 43%
Magic:  8/8        EV: 13    Int:  9    God:    Trog [***...]
Gold:   278        SH:  0    Dex:  9    Spells: 7/7 levels left

rFire    . . .     SeeInvis .   a - +0 hand axe
rCold    . . .     Gourm    .   (no shield)
rNeg     + . .     Faith    .   b - +2 animal skin
rPois    ∞         Spirit   .   (helmet restricted)
rElec    +         Reflect  .   (no cloak)
rCorr    .         Harm     .   (no gloves)
MR       .....                  (no boots)
Stlth    ++........             o - amulet of magic regeneration
HPRegen  0.17/turn              (no ring)
MPRegen  0.36/turn              (no ring)

@: berserk cooldown, slowed, very slow
A: horns 1, clever 1, negative energy resistance 1, electricity resistance,
unbreathing, petrification resistance, rot immunity, AC +5
a: Berserk, Trog's Hand, Burn Spellbooks, Renounce Religion


You were on level 6 of the Dungeon.
You worshipped Trog.
Trog was most pleased with you.
You were very hungry.

You visited 1 branch of the dungeon, and saw 6 of its levels.

You collected 278 gold pieces.

Inventory:

Hand Weapons
 a - a +0 hand axe (weapon)
Armour
 b - a +2 animal skin (worn)
Jewellery
 o - an amulet of magic regeneration (around neck)
Wands
 l - a wand of paralysis (13)
 p - a wand of polymorph (11)
 t - a wand of flame (29)
Scrolls
 e - a scroll of blinking
 i - 4 scrolls of immolation
 j - 2 scrolls of teleportation
 m - a scroll of random uselessness {unknown}
 r - a scroll of remove curse {unknown}
Potions
 d - a potion of haste
 f - a potion of lignification {unknown}
 g - a potion of degeneration {unknown}
 h - 2 potions of heal wounds {unknown}
 k - a potion of invisibility {unknown}
 n - a potion of brilliance
 q - a potion of berserk rage {unknown}
 s - 2 potions of agility {unknown}
 v - 2 potions of magic
Comestibles
 c - 7 rations


   Skills:
 + Level 5.7 Fighting
 + Level 6.5 Axes
 + Level 2.3 Armour
 + Level 3.9 Dodging
 + Level 4.0 Stealth
 + Level 1.1 Unarmed Combat


You had 7 spell levels left.
You didn't know any spells.

Dungeon Overview and Level Annotations

Branches:
Dungeon (6/15)
 Temple: D:4-7

Altars:
Sif Muna
Trog
Uskayaw
The Shining One

Shops:
D:5 [

Annotations:
D:6 Edmund


Innate Abilities, Weirdness & Mutations

You are resistant to torment.
Your stone body is resilient. (AC +5)
You are immune to poison.
You resist negative energy. (rN+)
You are resistant to electric shocks. (rElec)
You can survive without breathing.
You are immune to petrification.
You are immune to rotting.
You have a pair of small horns on your head.
Your mind is acute. (Int +2)


Message History

* * * LOW HITPOINT WARNING * * *
You can move again.
You are too injured to fight recklessly!
Unknown command.
You are too injured to fight recklessly!
You are too injured to fight recklessly!
Unknown command.
Unknown command.
You are too injured to fight recklessly!
The wight closely misses you.
You closely miss the wight. The wight barely misses you.
You hit the wight.
The wight is lightly damaged.
The wight closely misses you.
You hit the wight. You headbutt the wight.
The wight is almost destroyed.
The wight hits you with an enchanted dire flail!
* * * LOW HITPOINT WARNING * * *
The wight hits you with an enchanted dire flail.
You die...

#.###.........
.............#
#.##(........#
#.##.........#
.#####.##.........#
.......##.()......#
#..).......).....##
..####.##.)((.()..#
#####.##...)...@.#
##...#.##.......z.#
.....................
.###.#.##.........##...
## #.#..##.......## ...
#.##.###.....## ..
#.##.# ####### . #.##.#
#.##.#


You could see a wight.

Vanquished Creatures
  The ghost of Fang the Chopper, an amateur GrBe of Trog (D:3)
  2 ogres
  A gnoll sergeant (D:6)
  2 wights (D:6)
  2 howler monkeys
  A crimson imp (D:5)
  2 hounds
  Crazy Yiuf (D:2)
  An orc priest (D:6)
  3 orc wizards
  An iguana (D:3)
  Terence (D:2)
  A worker ant (D:4)
  Natasha (thrice) (D:3)
  4 gnolls (D:6)
  8 adders
  A white imp (D:5)
  2 oozes
  An adder skeleton (D:5)
  3 worms
  2 dart slugs (D:3)
  5 leopard geckos
  14 orcs
  A ball python (D:4)
  5 bats
  5 giant cockroaches
  3 goblins
  7 hobgoblins
  9 jackals
  7 kobolds
  2 quokkas (D:4)
  A ball python zombie (D:6)
  5 frilled lizards
  A rat (D:3)
108 creatures vanquished.

Notes
Turn   | Place    | Note
-------+----------+-------------------------------------------
     0 | D:1      | Fang the Gargoyle Berserker began the quest for the Orb.
     0 | D:1      | Reached XP level 1. HP: 14/14 MP: 1/1
   188 | D:1      | Reached XP level 2. HP: 19/19 MP: 2/2
   201 | D:1      | Reached skill level 3 in Axes
   754 | D:2      | Reached XP level 3. HP: 12/24 MP: 3/3
   993 | D:2      | Reached ** piety under Trog
  1030 | D:2      | Found a runed door.
  1329 | D:2      | You fall through a shaft for 2 floors!
  1391 | D:4      | Reached XP level 4. HP: 22/29 MP: 4/4
  1688 | D:4      | Noticed an ogre
  1694 | D:4      | Killed an ogre
  1694 | D:4      | Reached skill level 4 in Axes
  1694 | D:4      | Reached XP level 5. HP: 31/33 MP: 5/5
  2682 | D:4      | Reached XP level 6. HP: 37/39 MP: 6/6
  2795 | D:4      | Reached skill level 5 in Axes
  2875 | D:3      | Noticed Fang's ghost (amateur GrBe)
  2884 | D:3      | Gained mutation: You have a pair of small horns on your head. [potion of mutation]
  2884 | D:3      | Gained mutation: Your mind is acute. (Int +2) [potion of mutation]
  3198 | D:3      | Reached skill level 1 in Stealth
  3644 | D:3      | Killed Fang's ghost
  3644 | D:3      | Reached skill level 5 in Fighting
  3644 | D:3      | Reached XP level 7. HP: 44/44 MP: 7/7
  4012 | D:3      | Noticed Natasha
  4017 | D:3      | Killed Natasha
  4171 | D:3      | Noticed Natasha
  4176 | D:3      | Killed Natasha
  4189 | D:3      | Reached *** piety under Trog
  4352 | D:2      | Noticed Terence
  4369 | D:2      | Killed Terence
  4369 | D:2      | Reached skill level 6 in Axes
  4690 | D:2      | Noticed Crazy Yiuf
  4698 | D:2      | Killed Crazy Yiuf
  4932 | D:3      | Noticed Natasha
  4942 | D:3      | Killed Natasha
  5099 | D:5      | Entered Level 5 of the Dungeon
  5310 | D:5      | Found Maneun's Armour Emporium.
  5346 | D:5      | Reached skill level 1 in Unarmed Combat
  5979 | D:6      | Found a glowing golden altar of the Shining One.
  5980 | D:6      | Found a hide-covered altar of Uskayaw.
  5980 | D:6      | Found a bloodstained altar of Trog.
  5981 | D:6      | Found a deep blue altar of Sif Muna.
  6011 | D:6      | Reached XP level 8. HP: 50/50 MP: 8/8
  6120 | D:6      | Noticed Edmund
  6376 | D:6      | HP: 2/51 [wight/enchanted dire flail (10)]
  6376 | D:6      | Slain by a wight

Skill      XL: |  1  2  3  4  5  6  7  8 |
---------------+-------------------------+-----
Axes           | 3 4 5 6 |  6.5
Fighting       | 4 5 |  5.7
Dodging        | 2 3 |  3.9
Stealth        | 1 3 4 |  4.0
Unarmed Combat | 1 |  1.1
Armour         | |  2.3

Action                   |  1- 3 |  4- 6 |  7- 9 || total
-------------------------+-------+-------+-------++-------
Melee: Hand axe          |   103 |   125 |   180 ||   408
       Headbutt          |       |     7 |    32 ||    39
       Unarmed           |       |       |     1 ||     1
Invok: Berserk           |       |     4 |     5 ||     9
  Use: Scroll            |       |     8 |     2 ||    10
       Potion            |       |     5 |       ||     5
 Stab: Sleeping          |       |       |     5 ||     5
  Eat: Chunk             |     2 |     6 |     3 ||    11
       Ration            |       |     1 |     3 ||     4
Armor: Animal skin       |    27 |    27 |    59 ||   113
Dodge: Dodged            |    71 |    84 |   125 ||   280
